 Dungeon Crawl Stone Soup version 0.27-a0-1525-g1038ab4fd7 (webtiles) character file.

Game seed: 3158079752933829650

222016 avis the Brawler (level 19, 0/128 HPs)
             Began as an Octopode Transmuter on July 8, 2021.
             Was an Initiate of Gozag.
             Slain by a nagaraja (5 damage)
             ... on level 4 of the Snake Pit on July 10, 2021.
             The game lasted 05:16:10 (43387 turns).

avis the Brawler (Octopode Transmuter)             Turns: 43387, Time: 05:16:10

Health: 0/128      AC:  5    Str: 15    XL:     19   Next: 61%
Magic:  23/29      EV: 23    Int: 31    God:    Gozag
Gold:   3498       SH: 21    Dex: 23    Spells: 9/32 levels left

rFire    + . .     SeeInvis +     - Unarmed
rCold    + + .     Faith    .   n - +2 shield of Resistance {rF++ rC++ Will++}
rNeg     + . .     Spirit   .   (helmet restricted)
rPois    .         Reflect  +   Z - amulet "Sioghir" {Reflect Int+3 Slay+5 SH+5}
rElec    +         Harm     .   l - +4 ring of evasion
rCorr    +         Rampage  .   j - +4 ring of slaying
Will     ++++.                  u - +4 ring of protection
Stlth    +++++.....             m - ring of resist corrosion
HPRegen  0.31/turn              d - ring of Goekhlek {rN+ Str-4 Int+3 Dex+3 SInv}
MPRegen  0.21/turn              a - ring "Dewot" {Fly rElec rC- Str+4}
                                v - ring of Ephemeral Luck {Will+ Str+2 Int+2}
                                C - ring "Fighanno" {Ice Str-4 Int+8 Dex+7 Stlth+}

@: gold aura, flying, very slightly contaminated, constricted
A: almost no armour, amphibious, 8 rings, camouflage 1, gelatinous body 1,
(nimble swimmer 1), tentacles, deterioration 1, mutation resistance 1
a: Renounce Religion, Potion Petition, Call Merchant, Bribe Branch


You were on level 4 of the Snake Pit.
You worshipped Gozag.
Gozag was most pleased with you.
You visited 5 branches of the dungeon, and saw 26 of its levels.
You visited 1 bazaar.
You also visited: Volcano.

You collected 10074 gold pieces.
You spent 6526 gold pieces at shops.
You paid 50 gold pieces to Gozag.

Inventory:

Hand Weapons
 q - a +2 dire flail of holy wrath
 y - a +2 short sword of venom
 R - a +0 shortbow of flaming
 T - a +0 spectral quarterstaff
 U - a +1 dire flail of holy wrath
 W - a +2 vampiric war axe
Missiles
 z - 143 arrows
 D - 35 bolts
 V - 8 boomerangs
Armour
 n - the +2 shield of Resistance (worn) {rF++ rC++ Will++}
   (You found it on level 11 of the Dungeon)

   rF:        It greatly protects you from fire.
   rC:        It greatly protects you from cold.
   Will:      It greatly increases your willpower.
Magical Staves
 b - a staff of earth
 J - a staff of death
Jewellery
 a - the ring "Dewot" (on tentacle) {Fly rElec rC- Str+4}
   (You bought it in a shop on level 1 of the Snake Pit)

   [ring of flight]

   Str:       It affects your strength (+4).
   rC:        It makes you vulnerable to cold.
   rElec:     It insulates you from electricity.
   Fly:       It grants you flight.
 d - the ring of Goekhlek (on tentacle) {rN+ Str-4 Int+3 Dex+3 SInv}
   (You bought it in a shop on level 7 of the Dungeon)

   [ring of positive energy]

   Str:       It affects your strength (-4).
   Int:       It affects your intelligence (+3).
   Dex:       It affects your dexterity (+3).
   rN:        It protects you from negative energy.
   SInv:      It lets you see invisible.
 j - a +4 ring of slaying (right tentacle)
 l - a +4 ring of evasion (left tentacle)
 m - a ring of resist corrosion (on tentacle)
 u - a +4 ring of protection (on tentacle)
 v - the ring of Ephemeral Luck (on tentacle) {Will+ Str+2 Int+2}
   (You found it on level 2 of the Snake Pit)

   [ring of willpower]

   Str:       It affects your strength (+2).
   Int:       It affects your intelligence (+2).
   Will:      It increases your willpower.
 C - the ring "Fighanno" (on tentacle) {Ice Str-4 Int+8 Dex+7 Stlth+}
   (You found it on level 2 of the Lair of Beasts)

   [ring of ice]

   It enhances your ice magic.
   Str:       It affects your strength (-4).
   Int:       It affects your intelligence (+8).
   Dex:       It affects your dexterity (+7).
   rF:        It makes you vulnerable to fire.
   rC:        It protects you from cold.
   Stlth:     It makes you more stealthy.
 K - a +4 ring of protection
 Z - the amulet "Sioghir" (around mantle) {Reflect Int+3 Slay+5 SH+5}
   (You bought it in a shop on level 1 of the Snake Pit)

   [amulet of reflection]

   It reflects blocked missile attacks.
   Int:       It affects your intelligence (+3).
   Slay:      It affects your accuracy & damage with ranged weapons and melee
   (+5).
   SH:        It affects your SH (+5).
Wands
 t - a wand of charming (20)
 x - a wand of paralysis (11)
 A - a wand of iceblast (40)
 B - a wand of flame (31)
 E - a wand of digging (7)
 F - a wand of acid (31)
 G - a wand of polymorph (16)
Scrolls
 f - 12 scrolls of teleportation
 k - 4 scrolls of fear
 p - 5 scrolls of fog
 s - a scroll of identify
 I - a scroll of summoning
 N - a scroll of magic mapping
 O - 2 scrolls of blinking
Potions
 c - 2 potions of heal wounds
 e - 3 potions of magic
 g - 2 potions of ambrosia
 h - 3 potions of invisibility
 i - 21 potions of curing
 o - 5 potions of cancellation
 w - 2 potions of haste
 H - 3 potions of might
 S - 3 potions of brilliance
Miscellaneous
 r - a box of beasts
 L - a lightning rod (4/4)
 M - a phial of floods
 P - a phial of floods
 Q - a condenser vane


   Skills:
 - Level 11.0 Fighting
 - Level 11.0 Dodging
 - Level 5.0 Stealth
 - Level 15.0 Shields
 + Level 18.2 Unarmed Combat
 - Level 7.0 Spellcasting
 - Level 14.0 Transmutations
 - Level 6.0 Ice Magic
 - Level 8.0 Earth Magic
 - Level 2.0 Poison Magic
 - Level 5.0 Evocations


You had 9 spell levels left.
You knew the following spells:

 Your Spells              Type           Power      Damage    Failure   Level
l - Passwall              Tmut/Erth      56%        N/A       1%          2
o - Ozocubu's Armour      Ice            64%        N/A       1%          3
p - Spider Form           Tmut/Pois      28%        N/A       1%          3
q - Ice Form              Ice/Tmut       83%        N/A       1%          4
B - Blade Hands           Tmut           39%        N/A       1%          5
S - Statue Form           Tmut/Erth      45%        N/A       8%          6

Your spell library contained the following spells:

 Spells                   Type           Power      Damage    Failure   Level
 Beastly Appendage        Tmut           100%       N/A       0%          1
 Freeze                   Ice            100%       1d11      1%          1
 Sandblast                Erth           100%       2d20      1%          1
 Sting                    Tmut/Pois      100%       1d8       1%          1
 Ensorcelled Hibernation  Hex/Ice        88%        N/A       1%          2
 Wereblood                Tmut           78%        N/A       1%          2
 Frozen Ramparts          Ice            100%       1d12      1%          3
 Stone Arrow              Conj/Erth      70%        3d11      2%          3
 Animate Skeleton         Necr           20%        N/A       4%          1
 Apportation              Tloc           20%        N/A       4%          1
 Corona                   Hex            11%        N/A       4%          1
 Foxfire                  Conj/Fire      40%        2x1d6     4%          1
 Pain                     Necr           40%        1d6       4%          1
 Summon Small Mammal      Summ           40%        N/A       4%          1
 Poisonous Vapours        Pois/Air       34%        N/A       4%          2
 Alistair's Intoxication  Tmut/Pois      38%        N/A       4%          5
 Lee's Rapid Deconstruct  Erth           28%        3d16*     4%          5
 Slow                     Hex            10%        N/A       7%          2
 Yara's Violent Unravell  Hex/Tmut       26%        3d11      7%          5
 Leda's Liquefaction      Hex/Erth       17%        N/A       9%          4
 Confusing Touch          Hex            10%        N/A       13%         3
 Conjure Flame            Conj/Fire      10%        6-21      13%         3
 Inner Flame              Hex/Fire       10%        N/A       13%         3
 Vampiric Draining        Necr           5%         2d6       13%         3
 Hailstorm                Conj/Ice       44%        3d10      13%         4
 Olgreb's Toxic Radiance  Pois           23%        N/A       19%         4
 Borgnjor's Vile Clutch   Necr/Erth      17%        N/A       24%         5
 Eringya's Noxious Bog    Tmut/Pois      28%        N/A       26%         6
 Metabolic Englaciation   Hex/Ice        22%        N/A       34%         5
 Bolt of Magma            Conj/Fire/Erth 13%        4d8       38%         5
 Animate Dead             Necr           5%         N/A       41%         4
 Summon Forest            Summ/Tloc      5%         N/A       77%         5
 Summon Mana Viper        Hex/Summ       10%        N/A       77%         5
 Iron Shot                Conj/Erth      17%        9d4       78%         6
 Ozocubu's Refrigeration  Ice            32%        4d11      97%         7
 Shadow Creatures         Summ           N/A        N/A       100%        6
 Haunt                    Necr/Summ      5%         N/A       100%        7
 Malign Gateway           Summ/Tloc      5%         N/A       100%        7
 Infestation              Necr           5%         N/A       100%        8
 Summon Horrible Things   Summ           5%         N/A       100%        8
 Shatter                  Erth           28%        3d24*     100%        9
 Animate Armour           Summ/Erth      Unusable   N/A       N/A         4

Dungeon Overview and Level Annotations

Branches:
Dungeon (12/15)            Temple (1/1) D:4            Lair (6/6) D:10
  Swamp (3/4) Lair:2        Snake (4/4) Lair:3        Slime (0/5) Lair:6
    Orc (0/2) D:12        Volcano (visited)

Altars:
Ashenzari
Cheibriados
Dithmenos
Elyvilon
Fedhas
Gozag
Hepliaklqana
Kikubaaqudgha
Makhleb
Nemelex Xobeh
Okawaru
Qazlal
Ru
Sif Muna
Trog
Uskayaw
Vehumet
Wu Jian
Xom
Yredelemnul
Zin
The Shining One
Jiyva

Shops:
D:1 **   D:4 :   D:5 *   D:7 =   D:8 *   D:12 (   Snake:1 =:=


Innate Abilities, Weirdness & Mutations

You cannot wear most types of armour.
You are amphibious.
You can wear up to eight rings at the same time.
Your skin changes colour to match your surroundings (Stealth+).
Your rubbery body absorbs attacks. (AC +1, EV +1)
((You are camouflaged near water. (Stealth+)))
You have tentacles for arms and can constrict up to eight enemies at once.
Your body sometimes deteriorates upon taking damage.
You are somewhat resistant to further mutation.


Message History

You feel sick. The nagaraja spits poison at you. The splash of poison hits you!
You are more poisoned.
* * * LOW HITPOINT WARNING * * *
You block the nagaraja's attack.
* * * LOW HITPOINT WARNING * * *
The nagaraja constricts you.
You feel better. The nagaraja spits poison at you.
The splash of poison reflects off an invisible shield around you!
The splash of poison misses the nagaraja.
* * * LOW HITPOINT WARNING * * *
The nagaraja constricts you.
You tentacle-slap the nagaraja but do no damage.
You squeeze the nagaraja!
The nagaraja is lightly wounded.
The nagaraja is distracted by your dazzling golden aura.
The nagaraja spits poison at you.
The splash of poison reflects off an invisible shield around you!
The splash of poison hits the nagaraja.
The nagaraja completely resists.
* * * LOW HITPOINT WARNING * * *
The nagaraja constricts you.
You batter the nagaraja!! You tentacle-slap the nagaraja!
You squeeze the nagaraja!
The nagaraja is heavily wounded.
You block the nagaraja's attack.
* * * LOW HITPOINT WARNING * * *
The nagaraja constricts you.
Casting: Statue Form (dangerous; 8% risk of failure)
Confirm with . or Enter, or press ? or * to list all spells.
You miscast Statue Form.
You are very lightly contaminated with residual magic.
Sand pours from your tentacles.
* * * LOW HITPOINT WARNING * * *
The nagaraja hits you with a +0 club!
* * * LOW HITPOINT WARNING * * *
x2 The nagaraja constricts you.
You block the nagaraja's attack.
You die...
Your body crumbles into a pile of gold.

#)....)..................<#....#.
..)[....)................#..[#.#.
[[...)...[...............#..<....
.######.....###########[.......^.
.#..##.....## #........##.....
...##.....########..........#....
...#.....###.....###.........#..#
..##.)..##.........##........####
..#....##....N.N@N..##...##.##
.##.))##....####$....#....###
.#.))##....## ###...#.....#
.#..)#.N$:## #...###...#
.#...#..N## ##)..#.####
.#)..#.N$# #)..### .#...#...#
#...# ##...#.... #...# ##..##...
#...#


You could see 2 nagarajas and a salamander.

Vanquished Creatures
  Jorgrun (Swamp:1)
  A tentacled monstrosity (Swamp:1)
  The ghost of Waleff the Peltast, an adept DrBe of Trog (Snake:2)
  Asterion (Snake:1)
  Kirke (Snake:1)
  9 nagarajas (Snake:4)
  Aizul (Snake:1)
  2 slime creatures (D:12)
  4 dire elephants (Lair:6)
  Azrael (Snake:1)
  The ghost of runemage the Blocker, a journeyman GnFi of Ashenzari (Lair:4)
  4 bunyips
  3 eleionomae
  2 fire dragons (D:11)
  3 boulder beetles
  4 salamander tyrants
  Harold (D:9)
  2 ice dragons (D:11)
  Erica (D:8)
  16 hydras
  4 catoblepae
  5 anacondas
  26 naga warriors
  Erolcha (D:10)
  6 alligators
  7 ghost crabs
  5 two-headed ogres
  A spriggan berserker (Swamp:3)
  18 naga sharpshooters
  20 death yaks
  A shock serpent (Snake:2)
  5 spriggans
  8 salamander mystics
  A fire crab (Lair:6)
  3 sea snakes
  13 naga ritualists
  6 spriggan druids
  A spectral anaconda (Lair:6)
  An obsidian statue (Lair:6)
  2 bog bodies
  A goliath frog (Swamp:1)
  2 swamp dragons (Swamp:1)
  2 lindwurms
  5 necromancers
  2 deep elf pyromancers
  Pikel (D:5)
  19 mana vipers
  6 will-o-the-wisps
  27 salamanders
  2 cyclopes
  2 manticores
  42 black mambas
  7 guardian serpents
  12 elephants (Lair:6)
  5 apocalypse crabs (Swamp:3)
  A toenail golem (Volcano)
  2 vault sentinels (D:10)
  2 torpor snails
  19 naga magi
  3 molten gargoyles (Volcano)
  A gargoyle (D:12)
  8 cane toads
  4 komodo dragons
  2 efreet (Volcano)
  3 rime drakes
  A dire elephant skeleton (Lair:6)
  A meliai (D:8)
  A troll (D:12)
  4 tyrant leeches
  7 polar bears
  8 hornets
  5 blink frogs
  9 dream sheep
  A spectral elephant (Lair:6)
  2 meliai zombies (D:11)
  A wyvern (Lair:6)
  A wraith (D:12)
  A shadow (D:12)
  9 fire elementals
  18 yaks
  5 hogs (Snake:1)
  17 vampire mosquitoes
  2 steam dragons
  4 basilisks
  Edmund (D:5)
  An acid dragon (D:11)
  68 nagas
  10 swamp worms
  2 hell hounds (Snake:1)
  18 water moccasins
  Duvessa (D:7)
  An ice beast (D:5)
  A sky beast (D:8)
  A swamp drake (Swamp:1)
  3 elephant zombies (Lair:3)
  4 orc warriors
  A black bear (D:8)
  A necrophage (D:6)
  8 centaurs
  9 wolves
  2 ogres (D:5)
  A lemure (D:5)
  A phantom (D:4)
  3 elephant skeletons (Lair:6)
  3 komodo dragon zombies (Lair:3)
  3 kobold brigands
  2 scorpions
  15 bullfrogs
  2 earth elementals (Volcano)
  A wyvern zombie (D:7)
  2 gnoll sergeants
  2 water moccasin zombies
  Dowan (D:7)
  2 killer bees
  9 electric eels
  2 howler monkeys (D:9)
  9 wights
  2 lava snakes (Lair:3)
  5 centaur zombies
  A jelly (D:5)
  4 hounds
  8 orc priests
  Crazy Yiuf (D:7)
  2 centaur skeletons
  2 iguanas (D:7)
  A gnoll shaman (D:8)
  Ijyb (D:5)
  A bullfrog skeleton (D:5)
  14 orc wizards
  3 killer bee zombies
  A howler monkey zombie (D:8)
  5 gnolls
  6 adders (D:2)
  A howler monkey skeleton (D:7)
  2 white imps
  An ufetubus (D:5)
  An adder skeleton (D:4)
  2 worms (D:4)
  A dart slug (D:1)
  46 orcs
  2 ball pythons
  2 bats
  6 endoplasms
  10 hobgoblins
  20 jackals
  8 kobolds
  5 quokkas
  4 frilled lizards
  4 goblins
  4 rats
  3 fire vortices (Volcano)
839 creatures vanquished.

Vanquished Creatures (others)
  A hydra (Swamp:3)
  2 dancing weapons
  A spriggan druid (Swamp:3)
  A salamander (Snake:2)
  A black mamba (Snake:1)
  A naga mage (Snake:2)
  3 bloated husks
  3 nagas (Snake:2)
  2 bushes (Lair:5)
  A fire vortex (Volcano)
  20 foxfires
  19 fungi
  73 plants
  13 withered plants (Lair:6)
141 creatures vanquished.

Grand Total: 980 creatures vanquished

Notes
Turn   | Place    | Note
-------+----------+-------------------------------------------
     0 | D:1      | avis the Octopode Transmuter began the quest for the Orb.
     0 | D:1      | Reached XP level 1. HP: 13/13 MP: 3/3
   112 | D:1      | Found Byetaihuid's Assorted Antiques.
   491 | D:1      | Found a faded altar of an unknown god.
   496 | D:1      | Reached XP level 2. HP: 13/18 MP: 3/5
   794 | D:1      | Reached skill level 4 in Unarmed Combat
  1008 | D:1      | Reached XP level 3. HP: 19/23 MP: 4/6
  1012 | D:1      | Learned a level 3 spell: Spider Form
  1192 | D:1      | Found Roulil's General Store.
  1545 | D:2      | Reached skill level 1 in Poison Magic
  1545 | D:2      | Reached XP level 4. HP: 25/28 MP: 5/7
  2636 | D:3      | Noticed a kobold brigand
  2975 | D:3      | Reached XP level 5. HP: 29/33 MP: 6/8
  3462 | D:4      | Found Zaasmath's Book Emporium.
  3499 | D:4      | Found a staircase to the Ecumenical Temple.
  3504 | D:4      | Reached skill level 5 in Unarmed Combat
  3520 | Temple   | Entered the Ecumenical Temple
  3725 | Temple   | Became a worshipper of Gozag Ym Sagoz the Greedy
  3867 | D:1      | Bought a potion of curing for 39 gold pieces
  3867 | D:1      | Bought a scroll of identify for 26 gold pieces
  4323 | D:4      | Reached XP level 6. HP: 28/38 MP: 7/10
  4574 | D:4      | Found a stormy altar of Qazlal.
  4575 | D:4      | Noticed an air elemental
  4610 | D:4      | Reached skill level 6 in Unarmed Combat
  4612 | D:4      | Noticed a water elemental
  4699 | D:4      | Noticed a fire elemental
  4854 | D:1      | Bought a runed cabochon ring for 150 gold pieces
  4918 | D:1      | Learned a level 4 spell: Ice Form
  4999 | D:5      | Entered Level 5 of the Dungeon
  5043 | D:5      | Noticed Edmund
  5065 | D:5      | Killed Edmund
  5066 | D:5      | Reached skill level 1 in Evocations
  5066 | D:5      | Reached XP level 7. HP: 37/45 MP: 11/11
  5141 | D:5      | Noticed Pikel
  5148 | D:5      | Killed Pikel
  5149 | D:5      | Reached skill level 5 in Transmutations
  5149 | D:5      | Reached XP level 8. HP: 44/50 MP: 12/12
  5198 | D:5      | Found Pitzasax's General Store.
  5208 | D:5      | Bought a scroll of identify for 20 gold pieces
  5208 | D:5      | Bought a scroll of teleportation for 30 gold pieces
  5429 | D:5      | Reached skill level 7 in Unarmed Combat
  5841 | D:5      | Noticed Ijyb
  5850 | D:5      | Killed Ijyb
  6211 | D:5      | Reached skill level 5 in Dodging
  6633 | D:5      | Bought a scroll of enchant weapon for 75 gold pieces
  6633 | D:5      | Bought a potion of might for 40 gold pieces
  6729 | D:1      | Bought a scroll labelled UBUSAD WYLAEST for 30 gold pieces
  7159 | D:6      | Identified the +1 robe of Syndicalism {rElec rC+}
  7549 | D:6      | You fall into a shaft and drop 3 floors!
  7558 | D:9      | Noticed Harold
  7573 | D:9      | Killed Harold
  7574 | D:9      | Reached skill level 5 in Fighting
  7574 | D:9      | Reached XP level 9. HP: 35/61 MP: 13/13
  7627 | D:9      | Reached skill level 8 in Unarmed Combat
  8097 | D:8      | Reached skill level 9 in Unarmed Combat
  8790 | D:1      | Bought 2 potions of mutation for 208 gold pieces
  9170 | D:7      | Noticed Duvessa
  9186 | D:7      | Killed Duvessa
  9187 | D:7      | Reached XP level 10. HP: 58/66 MP: 14/14
  9244 | D:7      | Noticed Dowan
  9249 | D:7      | Killed Dowan
  9534 | D:7      | Found Orghox's Jewellery Boutique.
  9668 | D:7      | Found a runed translucent door.
  9669 | D:7      | Noticed Crazy Yiuf
  9908 | D:8      | Found Qeuciem's Blasphemy Boutique.
 10108 | D:8      | Reached skill level 10 in Unarmed Combat
 10164 | D:8      | Identified the +2 chain mail of Jeinneas {Str+3}
 10167 | D:8      | Found a hazy altar of Hepliaklqana.
 10167 | D:8      | Found a blossoming altar of Fedhas.
 10168 | D:8      | Found an ornate altar of the Wu Jian Council.
 10168 | D:8      | Found a burning altar of Makhleb.
 10229 | D:8      | Reached skill level 11 in Unarmed Combat
 10319 | D:8      | Paralysed by a hornet for 1 turns
 10324 | D:8      | Paralysed by a hornet for 1 turns
 10528 | D:8      | Noticed a manticore
 10528 | D:8      | Noticed a cyclops
 10528 | D:8      | Noticed a catoblepas
 10528 | D:8      | Noticed a two-headed ogre
 10565 | D:8      | Killed a catoblepas
 10566 | D:8      | Reached skill level 12 in Unarmed Combat
 10807 | D:8      | Killed a cyclops
 10815 | D:8      | Reached XP level 11. HP: 61/71 MP: 15/15
 10828 | D:8      | Killed a two-headed ogre
 10829 | D:8      | Reached skill level 13 in Unarmed Combat
 10832 | D:8      | Killed a manticore
 11071 | D:8      | Identified the +6 rapier "Goblinbane" {vorpal, +Rage rPois
                  | Int+4}
 11074 | D:8      | Got the Guide on Ice
 11079 | D:8      | Learned a level 3 spell: Ozocubu's Armour
 11294 | D:8      | Noticed Erica
 11305 | D:8      | Killed Erica
 11499 | D:8      | Noticed a two-headed ogre
 11515 | D:8      | Killed a two-headed ogre
 11809 | D:8      | Upgraded the game from 0.27-a0-1500-g450c7e4133 to
                  | 0.27-a0-1502-g47ed6a6988
 11924 | D:4      | Bought a book of Stone for 468 gold pieces
 12379 | D:9      | Noticed a five-headed hydra
 12397 | D:9      | Killed a five-headed hydra
 12398 | D:9      | Reached skill level 14 in Unarmed Combat
 13196 | D:10     | Entered Level 10 of the Dungeon
 13281 | D:9      | Learned a level 6 spell: Statue Form
 13378 | D:10     | Noticed Erolcha
 13388 | D:10     | Killed Erolcha
 13612 | D:10     | Found a staircase to the Lair.
 14082 | D:10     | Found the +18 shield of the Gong {rElec rN+ Will+ EV-5}
 14279 | D:10     | Noticed a deep elf pyromancer
 14285 | D:10     | Killed a deep elf pyromancer
 14544 | D:10     | Identified the +1 robe of the Other World {Stlth+}
 14875 | Lair:1   | Entered Level 1 of the Lair of Beasts
 15327 | Lair:1   | Noticed a seven-headed hydra
 15337 | Lair:1   | Killed a seven-headed hydra
 15338 | Lair:1   | Reached XP level 12. HP: 43/78 MP: 18/18
 15694 | Lair:1   | Noticed a seven-headed hydra
 15704 | Lair:1   | Killed a seven-headed hydra
 16898 | Lair:2   | Reached skill level 5 in Ice Magic
 17072 | Lair:2   | Found a staircase to the Swamp.
 17090 | Lair:2   | You fall into a shaft and drop 2 floors!
 17148 | Lair:4   | Gained mutation: Your body sometimes deteriorates upon
                  | taking damage. [mutagenic glow]
 17206 | Lair:3   | Found a staircase to the Snake Pit.
 17278 | Lair:2   | Learned a level 2 spell: Passwall
 17284 | Lair:2   | Found an ornate altar of the Wu Jian Council.
 17541 | Lair:2   | Noticed a seven-headed hydra
 17549 | Lair:2   | Killed a seven-headed hydra
 18189 | Lair:2   | Identified the ring "Fighanno" {Ice Str-4 Int+8 Dex+7
                  | Stlth+}
 19225 | Lair:3   | Found a sparkling altar of Nemelex Xobeh.
 20377 | Lair:4   | Reached XP level 13. HP: 81/86 MP: 19/19
 20566 | Lair:4   | Reached skill level 15 in Unarmed Combat
 20867 | Lair:4   | Found a runed translucent door.
 20867 | Lair:4   | Found a shimmering altar of Xom.
 20867 | Lair:4   | Noticed runemage's ghost (journeyman GnFi)
 21583 | Lair:5   | Reached skill level 10 in Transmutations
 21872 | Lair:5   | Reached skill level 5 in Spellcasting
 23250 | Lair:5   | Reached XP level 14. HP: 94/94 MP: 21/21
 24073 | D:11     | Found a runed translucent door.
 24079 | D:11     | Found the +2 shield of Resistance {rF++ rC++ Will++}
 24086 | D:11     | Found a runed translucent door.
 25072 | D:12     | Reached skill level 16 in Unarmed Combat
 25085 | D:12     | Found a staircase to the Orcish Mines.
 25087 | D:12     | Found Bech's Weapon Shoppe.
 25240 | D:12     | Reached skill level 5 in Earth Magic
 26858 | D:8      | Bought the +6 Majin-Bo {vamp, MP+6 Int+6} for 816 gold
                  | pieces
 26858 | D:8      | Found the +6 Majin-Bo {vamp, MP+6 Int+6}
 27017 | Lair:6   | Entered Level 6 of the Lair of Beasts
 27092 | Lair:6   | Found a dark tunnel.
 27101 | Volcano  | Entered a volcano
 27979 | Lair:6   | Reached skill level 10 in Fighting
 28598 | Lair:6   | Upgraded the game from 0.27-a0-1502-g47ed6a6988 to
                  | 0.27-a0-1525-g1038ab4fd7
 28745 | Lair:1   | Reached skill level 10 in Dodging
 28745 | Lair:1   | Reached XP level 15. HP: 103/103 MP: 22/22
 28821 | D:7      | Bought an amulet of the acrobat for 480 gold pieces
 29232 | Lair:6   | Found a viscous altar of Jiyva.
 29233 | Lair:6   | Found a staircase to the Slime Pits.
 29428 | Lair:6   | Reached XP level 16. HP: 109/109 MP: 23/23
 29540 | Lair:6   | Identified the +8 glaive "Giyr" {vorpal, rElec rPois Str+4}
 29834 | Lair:6   | Identified the +10 battleaxe "Ecen" {drain, rElec Int+3}
 30034 | Lair:6   | Reached skill level 17 in Unarmed Combat
 30603 | Lair:4   | Killed runemage's ghost
 30604 | Lair:4   | Reached skill level 5 in Evocations
 30799 | D:7      | Killed Crazy Yiuf
 30959 | D:11     | Reached skill level 1 in Shields
 30963 | D:11     | Reached skill level 5 in Stealth
 31272 | Snake:1  | Entered Level 1 of the Snake Pit
 31329 | Snake:1  | Noticed Aizul
 31360 | Snake:1  | Killed Aizul
 31679 | Snake:1  | Reached skill level 5 in Shields
 31708 | Snake:1  | Noticed Azrael
 31720 | Snake:1  | Killed Azrael
 32104 | Snake:1  | Noticed Asterion
 32108 | Snake:1  | Noticed an Executioner
 32114 | Snake:1  | HP: 5/141 [Executioner[Asterion] (9)]
 33368 | Snake:1  | Noticed Kirke
 33390 | Snake:1  | Killed Kirke
 33580 | Snake:1  | Killed Asterion
 33816 | Snake:1  | Found Poike's Jewellery Boutique.
 33818 | Snake:1  | Found Wesij's Book Emporium.
 33819 | Snake:1  | Found Inuuzxim's Jewellery Boutique.
 33835 | Snake:1  | Bought the amulet "Sioghir" {Reflect Int+3 Slay+5 SH+5} for
                  | 835 gold pieces
 33851 | Snake:1  | Bought a book of Iron for 468 gold pieces
 33857 | Snake:1  | Learned a level 5 spell: Blade Hands
 33860 | Snake:1  | Bought a ring of wizardry for 390 gold pieces
 34299 | Snake:1  | Bought the ring "Dewot" {Fly rElec rC- Str+4} for 460 gold
                  | pieces
 34328 | Snake:2  | Reached XP level 17. HP: 115/115 MP: 20/24
 34413 | Snake:1  | Reached skill level 10 in Shields
 34929 | Snake:2  | Gained mutation: You are somewhat resistant to further
                  | mutation. [mutagenic glow]
 34964 | Snake:2  | Found a flickering gateway to a bazaar.
 34973 | Bazaar   | Entered a bazaar
 34973 | Bazaar   | Found Konen's Antique Armour Shoppe.
 34973 | Bazaar   | Found Rylon's Assorted Antiques.
 34974 | Bazaar   | Found Kujawi's Weapon Emporium.
 34974 | Bazaar   | Found Loiq's Book Emporium.
 34976 | Bazaar   | Bought a potion of curing for 108 gold pieces
 34976 | Bazaar   | Bought a scroll of blinking for 270 gold pieces
 35002 | Bazaar   | Bought a potion of berserk rage for 180 gold pieces
 35002 | Bazaar   | Bought a scroll of enchant weapon for 270 gold pieces
 35002 | Bazaar   | Bought a scroll of identify for 72 gold pieces
 35073 | Snake:2  | Identified the ring of Ephemeral Luck {Will+ Str+2 Int+2}
 35111 | Snake:2  | Found a runed translucent door.
 35116 | Snake:2  | Found a shimmering altar of Xom.
 35116 | Snake:2  | Noticed Waleff's ghost (adept DrBe)
 35453 | Snake:2  | Found a shadowy altar of Dithmenos.
 35820 | Snake:2  | Killed Waleff's ghost
 35828 | Snake:2  | Identified the +8 great mace of Patterns {flame, rC+ Str+2}
 36166 | D:1      | Bought a potion of heal wounds for 150 gold pieces
 36166 | D:1      | Bought a potion of might for 120 gold pieces
 36166 | D:1      | Bought a runed tower shield for 225 gold pieces
 36251 | D:5      | Bought a potion of curing for 30 gold pieces
 37829 | Swamp:1  | Entered Level 1 of the Swamp
 37860 | Swamp:1  | Reached XP level 18. HP: 120/120 MP: 25/25
 38171 | Swamp:1  | Noticed a tentacled monstrosity
 38174 | Swamp:1  | Reached skill level 15 in Shields
 38183 | Swamp:1  | Killed a tentacled monstrosity
 38386 | Swamp:1  | Noticed Jorgrun
 38399 | Swamp:1  | Killed Jorgrun
 38846 | D:7      | Bought the ring of Goekhlek {rN+ Str-4 Int+3 Dex+3 SInv}
                  | for 566 gold pieces
 39130 | Swamp:2  | Identified the +5 ring mail "Popog" {Harm Rampage rCorr
                  | Str-4}
 40027 | Swamp:3  | Found a runed translucent door.
 41521 | Snake:4  | Entered Level 4 of the Snake Pit
 41521 | Snake:4  | Found a stormy altar of Qazlal.
 42210 | Snake:4  | Identified the +0 cloak "Dobreg" {+Blink rElec Int-5 SInv}
 42326 | Snake:4  | Reached XP level 19. HP: 126/126 MP: 23/29
 42726 | Snake:4  | Reached skill level 18 in Unarmed Combat
 43387 | Snake:4  | HP: 5/128 [nagaraja (3)]
 43387 | Snake:4  | Slain by a nagaraja

Illustrated notes

Levels and vault maps discovered:
D:1:      psy_arrival_terrarium, layout_rooms,
          hellmonk_ecumenical_altar_arch_garden, serial_shops,
          nicolae_diamond_shop, shop, minmay_misc_feat_alley
D:2:      layout_basic, grunt_decor_fettered, grunt_decor_cap
D:3:      cheibrodos_thug_alley, layout_basic, minivault_25
D:4:      layout_basic, nicolae_qazlal_style_of_elements,
          minmay_temple_entry_mini_moons, serial_shops, shop_statue,
          hangedman_feature_mirror, guppyfry_early_lair_pool
D:5:      layout_loops_corners, serial_shops, kennysheep_little_box,
          kennysheep_minor_cross, uniq_ijyb, uniq_pikel, uniq_edmund
D:6:      layout_basic
D:7:      layout_cave_pools, serial_shops, shop, minmay_holes, uniq_duvessa,
          uniq_crazy_yiuf_cottage
D:8:      minmay_the_grid_octo_tiled_squarecenter [minmay_the_grid_octo_shrine,
          minmay_the_grid_octo_clover, minmay_the_grid_octo_focus,
          minmay_the_grid_octo_chip, minmay_the_grid_square_5x5_megaprize_open,
          minmay_the_grid_square_5x5_inverted_slash,
          minmay_the_grid_square_5x5_pentomino_r, minmay_the_grid_square_5x5_n,
          minmay_the_grid_square_5x5_lines], layout_basic, nicolae_evil_shop,
          uniq_erica
D:9:      minmay_spotlight, layout_gridville, roderic_malta_cross, uniq_harold
D:10:     layout_long_grid, lair_entry_dummy, serial_rivers,
          chequers_serial_rivers_small_b, chequers_serial_rivers_small_3,
          chequers_serial_rivers_micro_c, chequers_serial_rivers_micro_e,
          minmay_misc_feat_pillars, hellmonk_guarded_unrand_gong, uniq_erolcha
D:11:     layout_loops_ring, serial_glass, glass_columns_a, glass_columns_a,
          glass_columns_a, glass_columns_c, glass_columns_a, glass_columns_a,
          glass_columns_b, glass_columns_c, glass_columns_a, glass_columns_a,
          glass_columns_b, glass_columns_c, glass_columns_a, glass_columns_a,
          minmay_guarded_unrand_resistance
D:12:     layout_basic, orc_david_3, minmay_variable_closet, grunt_ogre_cave
Temple:   minmay_crystal_snake_temple
Lair:1:   layout_hall_layers
Lair:2:   layout_regular_city, minmay_swamp_entry_swarm, lemuel_centaur_altar,
          serial_bayou_shore_b
Lair:3:   pond_and_an_island_with_a_cottage, layout_gridlike,
          guppyfry_snake_entry_garden, basic_altar
Lair:4:   layout_hall_layers, ebering_ghost_xom
Lair:5:   layout_regular_city, hangedman_lair_unloving_vines, grunt_megastairs_2
Lair:6:   due_jungle_book, layout_gridlike, slime_altar_1,
          nicolae_volcano_entry_vermiform, infiniplex_staircase_pool
Swamp:1:  layout_basic_swamp, evilmike_swamp_ruin_house_5, swamp_pool1,
          st_swamp_ruins_1, infiniplex_staircase_pool_2, uniq_jorgrun
Swamp:2:  layout_basic_swamp, nicolae_swamp_well_well_well, swamp_pool1
Swamp:3:  gammafunk_mikee_crab_dinner, layout_basic_swamp,
          hangedman_swamp_diagram, swamp_pool2
Snake:1:  layout_chambers, minmay_shop_grove, grunt_megastairs_4,
          serial_bayou_shore_a, uniq_aizul, uniq_azrael, uniq_kirke,
          uniq_asterion
Snake:2:  layout_misc_corridors, ebering_ghost_xom, basic_altar, serial_shops,
          freezing_bzr, serial_bayou_pond_c, hangedman_snake_corridor_split
Snake:3:  layout_basic, nicolae_snake_gridmaze_waves
Snake:4:  grunt_snake_rune_spirals, layout_onion_interference, basic_altar

Skill      XL: |  1  2  3  4  5  6  7  8  9 10 11 12 13 14 15 16 17 18 19 |
---------------+----------------------------------------------------------+-----
Unarmed Combat | 4 5 6 7 9 12 14 15 16 17 18 | 18.2
Transmutations | 3 5 6 7 9 11 12 14 | 14.0
Poison Magic   | 1 2 |  2.0
Spellcasting   | 3 4 5 7 |  7.0
Dodging        | 3 5 6 7 10 11 | 11.0
Fighting       | 2 5 7 8 10 11 | 11.0
Evocations     | 1 2 5 |  5.0
Stealth        | 2 5 |  5.0
Ice Magic      | 2 4 6 |  6.0
Earth Magic    | 4 6 8 |  8.0
Shields        | 9 14 15 | 15.0

Action                   |  1- 3 |  4- 6 |  7- 9 | 10-12 | 13-15 | 16-18 | 19-21 || total
-------------------------+-------+-------+-------+-------+-------+-------+-------++-------
Melee: Unarmed           |    44 |    26 |   182 |   391 |   451 |   684 |   176 ||  1954
       Staff             |    16 |       |       |     9 |       |    20 |       ||    45
       Kick              |     7 |    21 |       |     4 |       |       |       ||    32
       Tentacles         |     6 |     7 |     1 |     5 |    44 |   159 |    53 ||   275
       Constrict         |    10 |    27 |     1 |     3 |     7 |    91 |    17 ||   156
       Punch             |     1 |     3 |       |     4 |    20 |   111 |    28 ||   167
       Whip              |       |    87 |       |       |       |       |       ||    87
       Quarterstaff      |       |       |       |       |    57 |       |       ||    57
 Fire: Hunting sling     |       |    11 |       |       |       |       |       ||    11
 Cast: Beastly Appendage |    20 |    35 |     3 |     4 |       |       |       ||    62
       Spider Form       |       |     3 |    26 |     8 |       |       |       ||    37
       Ice Form          |       |       |     4 |    49 |    35 |       |       ||    88
       Ozocubu's Armour  |       |       |       |    13 |    11 |       |       ||    24
       Statue Form       |       |       |       |     1 |    19 |    89 |     9 ||   118
       Blade Hands       |       |       |       |       |       |     2 |       ||     2
       Passwall          |       |       |       |       |       |     2 |       ||     2
 Abil: End Transformatio |       |       |       |     1 |       |     3 |       ||     4
Evoke: Wand              |       |       |       |       |       |     4 |       ||     4
  Use: Scroll            |       |     4 |     1 |    18 |     5 |     6 |       ||    34
       Potion            |       |       |       |     5 |     3 |     5 |     1 ||    14
 Stab: Sleeping          |     4 |     9 |     2 |     3 |     4 |    11 |       ||    33
       Distracted        |       |       |     1 |     3 |     5 |    17 |     2 ||    28
       Petrified         |       |       |       |     2 |     8 |       |       ||    10
Armor: Skin              |     6 |     3 |    11 |    90 |   199 |   355 |    28 ||   692
Dodge: Dodged            |    35 |    71 |   179 |   249 |   377 |   766 |    79 ||  1756
Block: Kite shield       |       |       |       |       |       |   718 |   210 ||   928
       Reflection        |       |       |       |       |       |   109 |    46 ||   155

Table legend: (Time is in decaauts)
 A = Elapsed time spent in this place.
 B = Non-inter-level travel time spent in this place.
 C = Inter-level travel time spent in this place.
 D = Time resting spent in this place.
 E = Time spent auto-exploring this place.
 F = Levels seen in this place.
 G = Mean time per level.
                   A        B        C        D        E       F      G
               +--------+--------+--------+--------+--------+-----+--------+
         Total |  45794 |  39056 |   6738 |  11672 |  15672 |  28 | 1635.5 |
       Dungeon |  19198 |  15424 |   3774 |   4763 |   7217 |  12 | 1599.8 |
        Temple |    283 |    213 |     70 |      0 |    175 |   1 |  283.0 |
          Lair |  13941 |  12044 |   1897 |   4928 |   4451 |   6 | 2323.5 |
         Swamp |   3585 |   3143 |    442 |    411 |   1553 |   3 | 1195.0 |
     Snake Pit |   7936 |   7383 |    553 |   1053 |   2276 |   4 | 1984.0 |
        Bazaar |    107 |    107 |      0 |     56 |      0 |   1 |  107.0 |
       Volcano |    742 |    742 |      0 |    460 |      0 |   1 |  742.0 |
               +--------+--------+--------+--------+--------+-----+--------+

Top non-repeatable levels by time:
 Snake:1: 2909 daAuts
  Lair:3: 2837 daAuts
  Lair:1: 2803 daAuts
  Lair:6: 2722 daAuts
     D:8: 2409 daAuts
    D:12: 1996 daAuts
  Lair:5: 1962 daAuts
 Snake:3: 1945 daAuts
     D:5: 1932 daAuts
  Lair:2: 1872 daAuts
    D:10: 1751 daAuts
     D:9: 1743 daAuts
  Lair:4: 1742 daAuts
 Snake:4: 1741 daAuts
     D:1: 1637 daAuts
